[Event "*** Titled Tuesday Blitz"]
[Site "Chess.com"]
[Date "2021.03.30"]
[Round "1"]
[White "pirulillo"]
[Black "PrinceMurad09"]
[Result "0-1"]
[WhiteElo "2285"]
[BlackElo "2581"]
[TimeControl "180+1"]
[EndTime "10:07:55 PDT"]
[Termination "PrinceMurad09 won by resignation"]

1. e4 c5 2. Nf3 d6 3. d4 cxd4 4.
Nxd4 Nf6 5. Nc3 g6 6. Be2 Bg7 7.
O-O Nc6 8. Nb3 O-O 9. Bg5 Bd7 10. f4 Qc8 11. h3 Be6 12. Bf3 b5 13. Nxb5 Bc4 14.
Be2 d5 15. e5 Ne4 16. Bh4 f6 17.
exf6 Nxf6 18. c3 a5 19. Bxc4 dxc4 20. N3d4 Nxd4 21. Nxd4 Rb8 22. Qe2 Nd5 23. Ne6 Bf6 24. Bxf6 Rxf6 25. Rae1 Qb7 26. Qxc4 Kh8 27. Nc5 Qc6 28.
b4 axb4 29. cxb4 Rxb4 30. Qc1 Nxf4 31. Rxf4 Rbxf4 32. Nd3 Qxc1 33. Rxc1 Rd4 34. Rc3 Ra6 35. a3 Kg7 36. Ne5 Rda4 37. Nc6 Rxa3 38. Rxa3 Rxa3 39.
Nxe7 Rd3 40. Nc6 Kf6 41. Kf2 h5 42. Nb4 Rd4 43. Nc6 Rc4 44. Na5 Rc2+ 45. Kg3 Rc5 46.
Nb7 Rd5 47. Kh2 Ke7 48. Kg3 Kd7 49. Kh4 Kc7 50. g4 Kxb7 51. gxh5 gxh5 52. Kg3 Kc6 53. Kf4 Kd6 0-1

[Event "*** Titled Tuesday Blitz"]
[Site "Chess.com"]
[Date "2021.03.30"]
[Round "1"]
[White "Ranindu2003"]
[Black "Zmeeed63"]
[Result "0-1"]
[WhiteElo "2593"]
[BlackElo "2325"]
[TimeControl "180+1"]
[EndTime "10:07:56 PDT"]
[Termination "Zmeeed63 won by resignation"]

1. e4 Nc6 2. Nc3 d6 3. d4 Nf6 4.
f3 g6 5. Be3 Bg7 6. Qd2 O-O 7.
O-O-O e5 8. Nge2 exd4 9. Nxd4 Nxd4 10. Bxd4 Qe7 11. g4 Be6 12. h4 h5 13. g5 Nd7 14.
Bxg7 Kxg7 15. f4 Bg4 16. Re1 Rae8 17. Nd5 Qd8 18. Qc3+ Kh7 19. Nxc7 Bf3 20. Nxe8 Bxh1 21. Nxd6 Qb6 22. Nc4 Qf2 23. Bh3 Qxf4+ 24. Kb1 Nc5 25.
Rxh1 Nxe4 26. Qe3 Qxe3 27. Nxe3 f6 28. gxf6 Rxf6 29. Bg2 Ng3 30. Re1 b6 31. Nf1 Nf5 32. c4 Nxh4 33. Bd5 Nf5 34. Nd2 Nd4 35. b3 h4 36. Ne4 Rf4 37. Kb2 Kh6 38. Kc3 Nf5 39.
Rg1 g5 40. Nxg5 Ng3 41. Nf7+ Rxf7 42. Rg2 Rf4 43. Kd2 Kg5 44. Ke3 Kg4 45. Rh2 Nf1+ 46.
Ke2 Nxh2 47. Bh1 Kg3 48. Bd5 Rf2+ 49. Ke3 Ng4+ 50. Ke4 h3 51. Kd4 h2 52. Bh1 Rf1 0-1

[Event "*** Titled Tuesday Blitz"]
[Site "Chess.com"]
[Date "2021.03.30"]
[Round "1"]
[White "MalyDominator"]
[Black "mamonika"]
[Result "0-1"]
[WhiteElo "2479"]
[BlackElo "2049"]
[TimeControl "180+1"]
[EndTime "10:07:58 PDT"]
[Termination "mamonika won by resignation"]

1. e4 c5 2. Nf3 e6 3. d4 cxd4 4. Nxd4 Nf6 5. Nc3 d6 6. Be2 Nc6 7. Be3 Be7 8. O-O O-O 9. Kh1 a6 10. a4 Qc7 11. f4 e5 12. Nf5 Bxf5 13. exf5 Rad8 14. Qe1 d5 15. fxe5 Nxe5 16. Rd1 Bc5 17. Bf4 Rfe8 18. Qg3 d4 19. Nb1 Ne4 20. Qh4 Be7 21.
Qh3 Bf6 22. Bd3 Qc6 23. Na3 Nxd3 24. Qxd3 Nc5 25. Qc4 Nxa4 26. Qb3 b5 27. Rfe1 Rxe1+ 28. Rxe1 Re8 29. Qg3 g6 30. fxg6 hxg6 31. h3 Kg7 32.
Be5 Bxe5 33. Rxe5 Rxe5 34. Qxe5+ Qf6 35. Qe2 Nxb2 36. Kh2 Na4 37. Nb1 Nc3 38. Nxc3 dxc3 39.
Qd3 Qe5+ 40. Kg1 Qe1+ 41. Kh2 Qe5+ 42. Kg1 a5 43. Qd8 a4 44. Qa8 Qc5+ 45. Kh2 a3 46. Qa5 Qe5+ 47. Kg1 Qe1+ 48. Kh2 Qe5+ 49. Kg1 Qc5+ 50.
Kh2 Qd6+ 51. Kg1 b4 52. Qa4 Qd1+ 53. Kh2 Qd4 54. Kh1 Qc4 55. Kh2 a2 56. h4 Qf4+ 57. Kg1 Qc1+ 58. Kh2 a1=Q 0-1

[Event "*** Titled Tuesday Blitz"]
[Site "Chess.com"]
[Date "2021.03.30"]
[Round "1"]
[White "Rud_Makarian"]
[Black "NoboaKevin1999"]
[Result "1-0"]
[WhiteElo "2798"]
[BlackElo "2423"]
[TimeControl "180+1"]
[EndTime "10:07:59 PDT"]
[Termination "Rud_Makarian won on time"]

1. b3 e5 2. Bb2 Nc6 3. e3 Nf6 4. Bb5 Bd6 5. Na3 Na5 6. Be2 a6 7. c4 Qe7 8. Nc2 Nc6 9. Nf3 O-O 10. d4 exd4 11. Nfxd4 Nxd4 12. Qxd4 Re8 13. O-O-O Be5 14.
Qxe5 Qxe5 15. Bxe5 Rxe5 16. Bf3 d6 17. Rd4 a5 18.
Kb2 a4 19. b4 h6 20. Na3 Bf5 21. Nb5 c5 22. bxc5 dxc5 23. Rd6 Be4 24. Nc3 Bxf3 25. gxf3 Rg5 26. Rb6 Rg2 27. Rf1 Rd8 28. Kc2 Rxh2 29.
Nxa4 Rh3 30. Nxc5 Rc8 31. Nxb7 Rxc4+ 32. Kb3 Rc8 33. a4 Rxf3 34. a5 Ne4 35. Ka4 Rf5 36.
a6 Rc4+ 37. Ka3 Rc3+ 38. Kb2 Rc8 39. a7 Ra8 40. Ra1 Rxf2+ 41. Kb3 Rf6 42. Rb4 Nd2+ 43. Kc2 Nf3 44. Nc5 Rc6 45. Rb8+ Kh7 46. Rxa8 Rxc5+ 47. Kb3 Nd2+ 48. Kb4 Rc4+ 49. Kb5 Rc2 50. Rd8 Rb2+ 51.
Ka4 Nc4 52. Rb8 Re2 53. a8=Q Rxe3 54. Qd5 Ne5 55. Rg1 h5 56. Rb5 f6 57. Rb7 1-0

[Event "*** Titled Tuesday Blitz"]
[Site "Chess.com"]
[Date "2021.03.30"]
[Round "1"]
[White "S-Fazulyanov"]
[Black "jaskol95"]
[Result "0-1"]
[WhiteElo "2693"]
[BlackElo "2400"]
[TimeControl "180+1"]
[EndTime "10:07:59 PDT"]
[Termination "jaskol95 won by resignation"]

1. e4 e6 2. d4 d5 3. e5 c5 4. c3 Nc6 5. Nf3 Bd7 6. a3 f6 7. Bd3 fxe5 8. dxe5 Qc7 9. Bf4 Nh6 10. O-O Nf7 11. Qe2 g6 12. Nbd2 Bg7 13. Rfe1 O-O-O 14. b4 c4 15. Bc2 Rdf8 16. a4 g5 17. Nxg5 Nxg5 18.
Bxg5 Qxe5 19. Be3 Qxc3 20. Rec1 Nxb4 21. Bxa7 Nxc2 22. Rab1 Bd4 23. Nf3 Bxa7 24. Rxc2 Qf6 25. a5 Bc6 26. a6 Rhg8 27. Ne5 Bxf2+ 28. Qxf2 Qxe5 29. Qa7 Qb8 30. axb7+ Kc7 31. Qa5+ Kd7 32. Re2 Rg6 33. Qc5 Rfg8 34. Rb6 e5 35. g3 Qd6 36.
Qxd6+ Kxd6 37. b8=Q+ Rxb8 38. Rxb8 d4 39. Kf2 d3 40.
Rd2 Rf6+ 41. Ke1 e4 42. Rd8+ Kc5 43. Rf2 Rxf2 44. Kxf2 c3 45. Ke3 c2 46. Kd2 e3+ 47.
Kc1 e2 48. Kd2 e1=Q+ 49. Kxe1 c1=Q+ 50. Kf2 Qd2+ 0-1

[Event "*** Titled Tuesday Blitz"]
[Site "Chess.com"]
[Date "2021.03.30"]
[Round "1"]
[White "Goryachkina"]
[Black "Rozhkov_V"]
[Result "1/2-1/2"]
[WhiteElo "2630"]
[BlackElo "2356"]
[TimeControl "180+1"]
[EndTime "10:08:00 PDT"]
[Termination "Game drawn by agreement"]

1. e4 c5 2. Nf3 d6 3. Bb5+ Nd7 4. Ba4 a6 5. c4 e6 6. O-O Nf6 7. Nc3 Be7 8. d4 cxd4 9. Nxd4 O-O 10. Re1 Qc7 11.
Qe2 Ne5 12. Bb3 b6 13. Bg5 Bb7 14.
Rac1 Rac8 15. h3 h6 16. Bd2 Nc6 17. Nxc6 Qxc6 18. Nd5 Bd8 19. Nxf6+ Bxf6 20. Bc3 Be5 21. Qe3 Qc5 22. Qxc5 Rxc5 23. Bb4 Rc7 24. Rcd1 Rd8 25.
Re2 Rcd7 26. f3 g5 27. Red2 Kg7 28. Kf2 Kf6 29. Ba4 Rc7 30. Bxd6 Bxd6 31. Rxd6 Rxd6 32. Rxd6 Rxc4 33. Bb3 Rc6 34. Rd7 Bc8 35. Ra7 b5 36. Ke3 h5 37. g3 h4 38. gxh4 gxh4 39. f4 Kg7 40. f5 Rd6 41. e5 Rc6 42. f6+ Kg6 43. Bd1 Rc5 44. Bf3 Rxe5+ 45. Kf4 Kxf6 46.
Rxf7+ Kxf7 47. Kxe5 Ke7 48. Bc6 b4 49. a3 bxa3 50.
bxa3 a5 51. Be4 Ba6 1/2-1/2

[Event "*** Titled Tuesday Blitz"]
[Site "Chess.com"]
[Date "2021.03.30"]
[Round "1"]
[White "SirStrateg"]
[Black "AndreyNeves"]
[Result "1-0"]
[WhiteElo "2568"]
[BlackElo "2264"]
[TimeControl "180+1"]
[EndTime "10:08:00 PDT"]
[Termination "SirStrateg won by resignation"]

1. d4 d5 2. Bf4 Nf6 3. e3 c5 4. c3 Nc6 5. Nd2 Bf5 6. Ngf3 e6 7. Nh4 Bg6 8. Qb3 Qb6 9. Nxg6 hxg6 10. h3 Be7 11. Be2 O-O 12. a4 c4 13. Qc2 Na5 14. O-O Rfc8 15. Bf3 Nb3 16. Nxb3 cxb3 17. Qd3 Qc6 18.
Rfc1 Qc4 19. Qd1 Ne4 20. Be2 Qc6 21. Qxb3 g5 22. Be5 f6 23. Bh2 Bd6 24. Bxd6 Nxd6 25. a5 f5 26. Qa4 Qc7 27. b3 Ne4 28. c4 f4 29. exf4 Qxf4 30. Bf3 Rf8 31. Qd7 Rae8 32. cxd5 Nd2 33. Bg4 Qxf2+ 34. Kh1 exd5 35. Qxd5+ Kh8 36. Qxg5 Ne4 37. Qh5+ Kg8 38. Qd5+ Kh8 39. Qh5+ Kg8 40. Qg6 Ng3+ 41. Kh2 Qf4 42. Be6+ Kh8 43. Qxg3 Qxg3+ 44. Kxg3 Rxe6 45. Re1 Rd6 46. Rad1 Rfd8 47. Re4 Rd5 48. b4 Rb5 49. Rb1 Rbd5 50. Re7 Rxd4 51. Rxb7 R4d7 52. Rxd7 Rxd7 53. b5 Rb7 54. b6 Re7 55. b7 Re5 56. b8=Q+ Re8 57. Qxe8+ 1-0

[Event "*** Titled Tuesday Blitz"]
[Site "Chess.com"]
[Date "2021.03.30"]
[Round "1"]
[White "igorkovalenko"]
[Black "VD_coach"]
[Result "1-0"]
[WhiteElo "2952"]
[BlackElo "2468"]
[TimeControl "180+1"]
[EndTime "10:08:01 PDT"]
[Termination "igorkovalenko won by resignation"]

1. e4 c5 2. Nf3 d6 3. d4 cxd4 4. Nxd4 Nf6 5. Nc3 g6 6. Be3 Bg7 7. h3 O-O 8. Qd2 Nc6 9. O-O-O Nxd4 10. Bxd4 Be6 11. Kb1 Qc7 12. g4 Rfc8 13. f4 Qa5 14. a3 Rab8 15. f5 Bc4 16. g5 Ne8 17. Bxg7 Nxg7 18.
Nd5 Qxd2 19. Nxe7+ Kf8 20. Rxd2 Kxe7 21. f6+ Kf8 22.
fxg7+ Kxg7 23. Rxd6 Be6 24. h4 Rc5 25. Bd3 Rbc8 26. b3 R8c6 27. Rd4 h6 28. gxh6+ Kxh6 29. Rf1 Rh5 30. Rf4 Kg7 31. Ra4 a6 32. Rb4 b5 33.
a4 bxa4 34. Rxa4 a5 35. Kb2 Rcc5 36. Rd4 Rc8 37. Be2 Rhc5 38. Bd3 Rh8 39. Be2 Rhc8 40.
c4 Rb8 41. Kc3 Rb4 42. Bd1 Rb8 43. Rd5 Bxd5 44. exd5 f5 45. h5 Rcc8 46. hxg6 Kxg6 47. Bc2 Kf6 48. Rxf5+ Ke7 49. Rh5 Kd6 50. Kd4 Rb4 51. Rh6+ Kc7 52. Ra6 a4 53. d6+ Kb7 54. Rxa4 Rxa4 55.
Be4+ Kb6 56. bxa4 Rh8 57. c5+ Ka7 58. a5 Kb8 59. c6 Rh6 60. Kc5 Rh5+ 61. Kb6 Re5 62.
c7+ Kc8 63. Bb7+ 1-0

[Event "*** Titled Tuesday Blitz"]
[Site "Chess.com"]
[Date "2021.03.30"]
[Round "1"]
[White "MasterMK73"]
[Black "vlad_Sid"]
[Result "0-1"]
[WhiteElo "2267"]
[BlackElo "2568"]
[TimeControl "180+1"]
[EndTime "10:08:01 PDT"]
[Termination "vlad_Sid won by resignation"]

1. e4 c6 2. d4 d5 3. e5 Bf5 4.
Nd2 e6 5. Nb3 Nd7 6. Be3 a6 7. Ne2 Rc8 8. Ng3 Bg6 9. Bd3 Bxd3 10. Qxd3 c5 11. Nxc5 Bxc5 12. dxc5 Nxc5 13. Qd2 Ne7 14.
O-O O-O 15. c3 Ne4 16. Nxe4 dxe4 17. Bd4 Qd5 18. Rfe1 Nc6 19. Qe3 Rfd8 20. Qxe4 Nxd4 21. cxd4 Qxd4 22. Qxb7 Rb8 23. Qxa6 Rxb2 24. Qf1 Ra8 25.
Rad1 Qb6 26. Rd6 Qc5 27. a4 g6 28. h3 Rxa4 29. Rd8+ Kg7 30. g3 Raa2 31. Rc1 Qxf2+ 32.
Qxf2 Rxf2 33. Rcc8 Rg2+ 34. Kf1 Raf2+ 35. Ke1 Rf5 36. Rc5 Rxg3 37. Rd2 Rxh3 38. Rf2 Re3+ 39. Re2 Rxe2+ 40. Kxe2 h5 41. Ke3 h4 42. Ke4 h3 43.
Rc2 Rh5 44. Rh2 Kh6 45. Kf4 Rh4+ 46. Kg3 g5 47. Rh1 h2 48. Rxh2 Rxh2 49. Kxh2 Kg6 50. Kg3 Kf5 51. Kf3 Kxe5 52. Kg4 Kf6 53. Kf3 Kf5 54.
Kg3 g4 55. Kg2 Kf4 56. Kf2 e5 57. Kg2 e4 58. Kf2 e3+ 59. Ke2 g3 60. Kd3 Kf3 61.
Kd4 e2 62. Kd5 e1=Q 0-1

[Event "*** Titled Tuesday Blitz"]
[Site "Chess.com"]
[Date "2021.03.30"]
[Round "1"]
[White "SanchezKelvin"]
[Black "viktorgen2021"]
[Result "1-0"]
[WhiteElo "2632"]
[BlackElo "2335"]
[TimeControl "180+1"]
[EndTime "10:08:02 PDT"]
[Termination "SanchezKelvin won by resignation"]

1. d4 Nf6 2. c4 e6 3. Nf3 b6 4. g3 Bb7 5. Bg2 Be7 6. O-O O-O 7. Nc3 Ne4 8. Qc2 Nxc3 9. Qxc3 c5 10. b3 Be4 11. Bb2 Bf6 12. Qd2 cxd4 13. Bxd4 Nc6 14. Bxf6 Qxf6 15. Qxd7 Rad8 16. Qc7 e5 17. Rfd1 Bxf3 18.
exf3 Nd4 19. Qxa7 Nxf3+ 20. Bxf3 Qxf3 21. Rxd8 Rxd8 22. Qxb6 Re8 23. Qe3 Qb7 24. a4 e4 25.
a5 Ra8 26. Qc3 f5 27. b4 f4 28. b5 f3 29. h3 Re8 30. a6 Qd7 31. Kh2 e3 32.
fxe3 Qf5 33. a7 Qe4 34. c5 f2 35. c6 Qf3 36. Rf1 Rf8 37. Qc4+ Kh8 38. b6 h5 39. h4 g5 40. hxg5 h4 41. Qxh4+ Kg7 42. Qh6+ Kf7 43. Qf6+ Qxf6 44. gxf6 Rh8+ 45. Kg2 Kxf6 46. b7 Ke5 47.
b8=Q+ Rxb8 48. axb8=Q+ Ke4 49. c7 Kxe3 50. Rxf2 Kd3 51.
c8=Q Ke3 1-0

[Event "*** Titled Tuesday Blitz"]
[Site "Chess.com"]
[Date "2021.03.30"]
[Round "1"]
[White "prachiti01"]
[Black "Steven_Rojas"]
[Result "1/2-1/2"]
[WhiteElo "1934"]
[BlackElo "2464"]
[TimeControl "180+1"]
[EndTime "10:08:02 PDT"]
[Termination "Game drawn by repetition"]

1. e4 e5 2. Nf3 Nc6 3. Bb5 Nf6 4. d3 d6 5. O-O Be7 6. Re1 O-O 7. c3 a6 8. Ba4 b5 9. Bc2 Bb7 10. Nbd2 Re8 11.
Nf1 Bf8 12. Ng3 Ne7 13. h3 Ng6 14. d4 Nf4 15. dxe5 dxe5 16. Qxd8 Raxd8 17. Be3 g6 18.
Rad1 Bd6 19. Rd2 N6h5 20. Nxh5 Nxh5 21. g3 f6 22. Red1 Ng7 23. Bb3+ Kh8 24. Bd5 Bxd5 25. Rxd5 Ne6 26. Kg2 Kg7 27. Ne1 Kf7 28.
Nc2 Bf8 29. Rxd8 Rxd8 30. Rxd8 Nxd8 31. f3 a5 32. Kf2 Ke6 33. Ke2 Nb7 34. Ne1 Nd6 35.
Nd3 Nc4 36. Bc1 a4 37. b3 axb3 38. axb3 Na5 39. b4 Nb7 40. Be3 h5 41. Ne1 Bd6 42. Nc2 Kd7 43. Na3 c6 44. Nb1 Nd8 45. Nd2 Ne6 46. Nb3 f5 47. Kf2 f4 48. gxf4 exf4 49. Bb6 g5 50. Nd4 Ng7 51. Kg2 Be5 52. Bc5 Ne6 53.
Nxe6 Kxe6 54. Bd4 Bd6 55. Kf2 Be5 56. Ke2 Bd6 57. Kf2 Be7 58. Ke2 Kf7 59. Kf2 Kg6 60.
Ke2 Bd6 61. Kf2 Bc7 62. Ke2 Kf7 63. Kf2 Ke6 64. Ke2 Bd8 65. Kf2 Kd7 66. Ke2 Be7 67.
Kf2 c5 68. bxc5 Kc6 69. Ke2 Bd8 70. Kd3 Be7 71. Ke2 Kd7 72. Kd3 Kc6 73. Ke2 1/2-1/2

[Event "*** Titled Tuesday Blitz"]
[Site "Chess.com"]
[Date "2021.03.30"]
[Round "1"]
[White "PerAsperaAdAstraCB"]
[Black "Genghis_K"]
[Result "0-1"]
[WhiteElo "2467"]
[BlackElo "2951"]
[TimeControl "180+1"]
[EndTime "10:08:04 PDT"]
[Termination "Genghis_K won by checkmate"]

1. d4 Nf6 2. Bf4 c5 3. e3 Qb6 4.
Nc3 a6 5. a3 cxd4 6. exd4 d5 7.
Nf3 Nc6 8. Be2 Bg4 9. Na4 Qd8 10.
O-O e6 11. b4 Bd6 12. Bxd6 Qxd6 13. Nc5 Rb8 14. Re1 O-O 15. c3 Rfc8 16. Ne5 Bf5 17. Bd3 Ne7 18. Rc1 Qd8 19. Bxf5 Nxf5 20. Qf3 Nd6 21.
Re3 b6 22. Nxa6 Ra8 23. Qe2 Qe8 24. g4 Qb5 25. Qf3 Qxa6 26. g5 Nfe4 27. Qh5 g6 28. Qh4 Nf5 29. Qf4 Qxa3 30. Rce1 Qb2 31. Ng4 Rxc3 32.
Rxe4 dxe4 33. Nf6+ Kf8 34. Qxe4 Ra1 35. Rxa1 Qxa1+ 36. Kg2 Rc1 37. Kh3 Rc3+ 38. Kg2 Rc1 39. Kh3 Qc3+ 40.
Kg2 Qc6 41. d5 exd5 42. Qe5 d4+ 43. Nd5 f6 44. gxf6 Qd6 45. Qe4 Kf7 46. Nf4 Qc6 47.
Nd5 Qe6 48. Qf4 Qxd5+ 49. f3 Rc2+ 50. Kh3 Qe6 51. Qc7+ Kxf6 52. Qxc2 Ne3+ 53. Kg3 Nxc2 54. h4 d3 55. f4 d2 56. f5 Qe3+ 57. Kg4 d1=Q# 0-1

[Event "*** Titled Tuesday Blitz"]
[Site "Chess.com"]
[Date "2021.03.30"]
[Round "1"]
[White "Rytenko_V"]
[Black "Susal_De_Silva"]
[Result "1-0"]
[WhiteElo "2397"]
[BlackElo "2688"]
[TimeControl "180+1"]
[EndTime "10:08:06 PDT"]
[Termination "Rytenko_V won by checkmate"]

1. d4 Nf6 2. c4 e6 3. Nc3 Bb4 4. Bd2 O-O 5. Nf3 b6 6. e3 Bb7 7.
Bd3 d6 8. O-O Nbd7 9. Ne2 Bxd2 10.
Nxd2 e5 11. Qc2 Qe7 12. Ne4 Rae8 13. N2g3 Bxe4 14. Nxe4 exd4 15. Nxf6+ Qxf6 16. exd4 Qxd4 17. Bxh7+ Kh8 18. Rad1 Qf6 19. Be4 Nc5 20. Bd5 Re5 21. Rfe1 Rfe8 22. Rxe5 Qxe5 23. g3 Qf6 24. Qd2 g6 25. b4 Ne6 26. Bxe6 Rxe6 27. a4 Kg7 28. Kg2 Re4 29. Qd3 Qe6 30. Qc3+ Kg8 31. c5 Rc4 32. Qf3 bxc5 33. bxc5 Rxc5 34. Qa8+ Kg7 35. Qxa7 Qe4+ 36. Kg1 Qe2 37. Rf1 Qc4 38. Qa8 d5 39.
Rd1 c6 40. Qd8 Qxa4 41. Re1 Qd4 42. Re8 Kh7 43. Qd7 Rc1+ 44. Kg2 Kg7 45. Qh3 Qe4+ 46. Rxe4 dxe4 47. Qg4 f5 48. Qf4 Rc4 49. Qe5+ Kh6 50. Qf4+ Kg7 51. Qe5+ Kh6 52. h4 Rc2 53. Kh3 Rxf2 54.
Qh8# 1-0

[Event "*** Titled Tuesday Blitz"]
[Site "Chess.com"]
[Date "2021.03.30"]
[Round "1"]
[White "GoltsevDmitry2000"]
[Black "davigator"]
[Result "1-0"]
[WhiteElo "2811"]
[BlackElo "2429"]
[TimeControl "180+1"]
[EndTime "10:08:07 PDT"]
[Termination "GoltsevDmitry2000 won by resignation"]

1. e4 c5 2. Nf3 Nc6 3. d4 cxd4 4.
Nxd4 Nf6 5. Nc3 d6 6. Be2 Bd7 7. Be3 a6 8. f4 Rc8 9. O-O e6 10.
Bf3 Na5 11. e5 Ng8 12. exd6 Bxd6 13. Nf5 Bf8 14. Nd6+ Bxd6 15. Qxd6 Nc4 16. Qd4 Nxe3 17.
Qxe3 Qc7 18. Rad1 Nf6 19. Qe5 O-O 20. Qxc7 Rxc7 21. Rd6 Bc8 22. Rfd1 Re8 23. Rd8 Kf8 24. Kf2 Ke7 25. R8d2 b5 26. Ne2 Bb7 27. c3 Rec8 28.
Nd4 Bxf3 29. Kxf3 Rc4 30. Nc2 a5 31. Ne3 R4c5 32. g4 h6 33. h4 b4 34. c4 g5 35.
hxg5 hxg5 36. f5 R8c7 37. b3 Nd7 38. Ke4 Nf6+ 39. Kf3 Nd7 40. Rh1 Nf6 41. Rh8 Re5 42. Ra8 Rd7 43. Rxd7+ Nxd7 44. fxe6 fxe6 45. Ra7 Kd6 46.
Nc2 Rc5 47. Nd4 Ne5+ 48. Kg3 Nc6 49. Ra6 Kd7 50. Nxc6 Rxc6 51. Rxa5 Rd6 52. Rxg5 Ra6 53. Rb5 Rxa2 54. Rxb4 Rc2 55. Kf4 Kd6 56. Rb5 Rf2+ 57. Kg3 Rf1 58. b4 Rc1 59. c5+ Kd5 60. Rb6 e5 61. Rd6+ Kc4 62. Re6 Kd5 63. Rd6+ Kc4 64. c6 Kxb4 65. g5 e4 66. g6 Kb5 67. Kf2 Rc5 68. Ke3 Kb6 69. Kxe4 Rg5 70. Kf4 Rg1 71. Kf5 Kc7 72. Re6 Rf1+ 73. Kg5 Rg1+ 74. Kh6 Rh1+ 75.
Kg7 Rh2 76. Rf6 Re2 77. Kf8 Kd8 78. g7 Re7 79. g8=Q Re8+ 80. Kg7 Rxg8+ 81. Kxg8 Kc7 82. Kf7 1-0

[Event "*** Titled Tuesday Blitz"]
[Site "Chess.com"]
[Date "2021.03.30"]
[Round "1"]
[White "GM_dmitrij"]
[Black "ljuks68"]
[Result "1/2-1/2"]
[WhiteElo "3013"]
[BlackElo "2480"]
[TimeControl "180+1"]
[EndTime "10:08:09 PDT"]
[Termination "Game drawn by repetition"]

1. Nf3 d5 2. e3 Nf6 3. c4 c6 4. Nc3 e6 5. b3 Nbd7 6. Bb2 e5 7. cxd5 cxd5 8. Rc1 a6 9. Be2 Bd6 10. O-O O-O 11. Qc2 b5 12. Qb1 Bb7 13. Rfd1 Qe7 14.
Qf5 Bc8 15. Qg5 h6 16. Qh4 e4 17. Nd4 Ne5 18. f4 exf3 19. Nxf3 Nxf3+ 20. Bxf3 Bb7 21. Ne2 Be5 22. Bxe5 Qxe5 23. Qf4 Qxf4 24. Nxf4 Rac8 25.
b4 Ne4 26. Bxe4 dxe4 27. Ne2 Bd5 28. a3 Bb3 29. Re1 Bc4 30. Nd4 f5 31. g3 g6 32.
Kf2 Kg7 33. h4 Kf6 34. Rh1 Ke5 35. Rc3 Rh8 36. a4 g5 37. a5 f4 38. hxg5 hxg5 39. Rcc1 f3 40. g4 Kd5 41. Kg3 Bd3 42. Rxc8 Rxc8 43. Rh5 Kc4 44. Rxg5 Kxb4 45. Rf5 Kxa5 46. g5 Ka4 47. g6 Rg8 48. Rf6 a5 49. Nc6 b4 50. Ne7 Rg7 51. Nf5 Rg8 52. Nh6 Rg7 53. Nf5 Rg8 54. Rb6 b3 55. Nh6 Rg7 56. Nf5 Rg8 57.
Ne7 Rg7 58. Nf5 Rg8 1/2-1/2

[Event "*** Titled Tuesday Blitz"]
[Site "Chess.com"]
[Date "2021.03.30"]
[Round "1"]
[White "londonkid"]
[Black "annacramling"]
[Result "1-0"]
[WhiteElo "2502"]
[BlackElo "2076"]
[TimeControl "180+1"]
[EndTime "10:08:09 PDT"]
[Termination "londonkid won by checkmate"]

1. d4 Nf6 2. c4 e6 3. Nf3 d5 4.
Nc3 Be7 5. cxd5 exd5 6. Bg5 O-O 7. Qc2 c6 8. e3 h6 9. Bh4 Nbd7 10. Bd3 b6 11. O-O Bb7 12. Rfe1 Rc8 13. e4 dxe4 14. Nxe4 c5 15. Qe2 Re8 16. Bg3 cxd4 17. Nxd4 Nc5 18.
Nxf6+ Bxf6 19. Qxe8+ Qxe8 20. Rxe8+ Rxe8 21. Bb5 Rd8 22. Nf5 Bxb2 23. Re1 Bf6 24. Nd6 Bd5 25. a4 a6 26. Bf1 Nxa4 27. Bxa6 Bc3 28. Re8+ Rxe8 29. Nxe8 Bc6 30. Nc7 Nc5 31. Bb5 Bxb5 32. Nxb5 Ne6 33.
Nxc3 Nd4 34. Be5 Nb3 35. Bc7 Kf8 36. Bxb6 Ke7 37. f3 Ke6 38. Ne4 Nc1 39. Be3 Na2 40. Kf1 Nb4 41. Ke2 Nd5 42. Nc5+ Kd6 43. Nd3 f5 44.
Nf4 Nf6 45. h4 g5 46. hxg5 hxg5 47. Nd3 g4 48. f4 Ne4 49. Ne5 Nc3+ 50. Kd3 Nd5 51.
Nf7+ Ke6 52. Nh6 Ne7 53. g3 Kf6 54. Bc5 Kg6 55. Bxe7 Kxh6 56. Bg5+ Kg6 57. Kd4 Kf7 58. Ke5 Kg6 59. Ke6 Kg7 60. Kxf5 Kg8 61. Kxg4 Kh8 62. Bd8 Kg8 63. f5 Kh8 64. Kg5 Kg8 65. f6 Kh8 66. Kg6 Kg8 67. f7+ Kh8 68. f8=Q# 1-0

[Event "*** Titled Tuesday Blitz"]
[Site "Chess.com"]
[Date "2021.03.30"]
[Round "1"]
[White "julinha97"]
[Black "eldur16"]
[Result "0-1"]
[WhiteElo "2278"]
[BlackElo "2579"]
[TimeControl "180+1"]
[EndTime "10:08:10 PDT"]
[Termination "eldur16 won by resignation"]

1. e4 Nf6 2. e5 Nd5 3. c4 Nb6 4. d4 d6 5. exd6 cxd6 6. Nf3 g6 7. Be3 Bg7 8. Nc3 O-O 9. Rc1 Bg4 10. b3 Nc6 11. Be2 e5 12. d5 Ne7 13. O-O Nd7 14.
b4 Nf5 15. Ne4 b6 16. h3 Bxf3 17. Bxf3 Nxe3 18. fxe3 Qe7 19. Nc3 Rac8 20. Nb5 a5 21.
a3 axb4 22. axb4 Ra8 23. e4 Bh6 24. Ra1 f5 25. Nc7 Rxa1 26. Qxa1 fxe4 27. Bg4 Be3+ 28. Kh1 Bd4 29. Qe1 Nf6 30. Ne6 Ra8 31. Qh4 Nxd5 32. Ng5 Nf4 33. g3 h5 34. gxf4 hxg4 35. fxe5 Bxe5 36. Rf7 Ra1+ 37. Kg2 gxh3+ 38. Kf2 Bd4+ 39. Ke2 Ra2+ 40. Kd1 Qxf7 41. Nxf7 Kxf7 42. Qh7+ Bg7 43. Qxh3 Ra1+ 44. Kc2 Ra2+ 45. Kb3 Rf2 46. Qd7+ Kg8 47. Qd8+ Rf8 48. Qxd6 Re8 49. Qd5+ Kh7 50. Qc6 Re7 51.
Qxb6 e3 52. Qd6 Re8 53. Qh2+ Bh6 54. Qe2 Rd8 55. Kc2 Rd2+ 56. Qxd2 exd2 57. b5 Be3 58. b6 Bxb6 59. Kxd2 g5 60. Ke2 Kg6 61. Kf3 Kf5 0-1

[Event "*** Titled Tuesday Blitz"]
[Site "Chess.com"]
[Date "2021.03.30"]
[Round "1"]
[White "Baron_von_Koenig"]
[Black "Fraler15"]
[Result "1-0"]
[WhiteElo "2556"]
[BlackElo "2255"]
[TimeControl "180+1"]
[EndTime "10:08:12 PDT"]
[Termination "Baron_von_Koenig won by resignation"]

1. b3 e5 2. Bb2 d6 3. d4 exd4 4.
Qxd4 Nc6 5. Qd2 Nf6 6. Nc3 Be7 7. O-O-O O-O 8. e4 Be6 9. Nd5 Nxe4 10. Nxe7+ Qxe7 11. Qe3 Nf6 12. Nf3 Bg4 13. Qg5 Be6 14. Bd3 h6 15. Qf4 a5 16. a3 Nh5 17.
Qe4 g6 18. Rhe1 d5 19. Qe3 Rfe8 20. Qxh6 Nf6 21. Ng5 d4 22. Nxe6 fxe6 23. Qxg6+ Qg7 24. Qxg7+ Kxg7 25. Bc4 e5 26. f3 Rh8 27. h3 Nh5 28.
Bb5 Rhe8 29. Bxc6 bxc6 30. Re4 Nf4 31. Bxd4 exd4 32. Rxf4 c5 33. Rd2 a4 34. Kb2 axb3 35.
cxb3 Rab8 36. Ka2 Re6 37. Rb2 d3 38. Rc4 Re5 39. Rc3 Rd5 40. Rd2 Rbd8 41. Kb2 Kf7 42. Rc4 Kf6 43. Kc3 Kf5 44. g4+ Kg5 45. a4 Kh4 46. a5 Kxh3 47. a6 Kg3 48. g5 Rxg5 49. Rxd3 Rxd3+ 50. Kxd3 Kxf3 51. Ra4 Rg8 52. Kc4 Ke4 53.
Kxc5+ Ke5 54. a7 Ra8 55. Kc6 Ke6 56. Kb7 Rd8 57. Kxc7 Rd6 58. a8=Q Rb6 59. Kxb6 1-0

[Event "*** Titled Tuesday Blitz"]
[Site "Chess.com"]
[Date "2021.03.30"]
[Round "1"]
[White "Alexander_Zubov"]
[Black "Grieve72"]
[Result "1-0"]
[WhiteElo "2986"]
[BlackElo "2471"]
[TimeControl "180+1"]
[EndTime "10:08:13 PDT"]
[Termination "Alexander_Zubov won by resignation"]

1. d4 f5 2. Nc3 Nf6 3. Bg5 d5 4. e3 e6 5. Nf3 c5 6. a3 Nc6 7.
Bd3 Be7 8. dxc5 Bxc5 9. O-O O-O 10. Bf4 Qe7 11. Ne5 Nxe5 12. Bxe5 Bd7 13. Ne2 Ng4 14.
Bg3 e5 15. b4 Bd6 16. h3 Nf6 17. c4 dxc4 18. Bxc4+ Kh8 19. Nc3 Rad8 20. Re1 a6 21. Qb3 Nh5 22. Bh2 Qg5 23. Bd5 Bc8 24. Rad1 Qg6 25. Kh1 f4 26. Be4 Qg5 27. Bf3 fxe3 28. Ne4 Qg6 29. Qxe3 Bc7 30. Qg5 Qxg5 31. Nxg5 h6 32.
Rxd8 Bxd8 33. Ne4 Nf4 34. Nd6 Nd3 35. Re3 Nxf2+ 36. Kg1 Bb6 37. Kxf2 Bxe3+ 38. Kxe3 Be6 39. Nxb7 Rc8 40. Nc5 Bc4 41. Bxe5 Rd8 42. a4 Kg8 43. g4 Kf7 44. h4 g5 45. h5 Ke7 46. Be4 Rd1 47. Bf5 Re1+ 48. Kd4 Bf1 49. Bg7 Rd1+ 50. Kc3 Rc1+ 51. Kb2 Rc4 52. Ka3 Kf7 53. Bxh6 a5 54. Ne4 axb4+ 55. Kb3 Rd4 56. Nxg5+ Kf6 57. Bg7+ Kxg7 58.
Ne6+ Kf6 59. Nxd4 1-0

[Event "*** Titled Tuesday Blitz"]
[Site "Chess.com"]
[Date "2021.03.30"]
[Round "1"]
[White "KubaGepard"]
[Black "SantoBlue"]
[Result "0-1"]
[WhiteElo "2429"]
[BlackElo "2812"]
[TimeControl "180+1"]
[EndTime "10:08:13 PDT"]
[Termination "SantoBlue won on time"]

1. d4 Nf6 2. Nf3 d5 3. Bf4 Bf5 4. e3 e6 5. c3 Bd6 6. Ne5 Nfd7 7. Nxd7 Nxd7 8. Bxd6 cxd6 9. Bd3 Bg6 10. O-O Qb6 11.
b3 Rc8 12. a4 Bxd3 13. Qxd3 Qxb3 14. Qb5 Qxb5 15. axb5 Ra8 16. Ra3 Ke7 17. Nd2 Rhc8 18. Rfa1 a5 19. Kf1 b6 20. Ke2 Rc7 21. Kd3 Rac8 22.
Rc1 f5 23. f4 Nf6 24. Ra4 Ne4 25. Nxe4 fxe4+ 26. Kd2 Rc4 27. Ra3 Rf8 28. g3 g5 29.
Rf1 e5 30. f5 g4 31. Rf2 Kf6 32. Ra1 h5 33. Rff1 Rfc8 34. Ra3 Rh8 35. Raa1 h4 36.
Rf2 hxg3 37. hxg3 Rh3 38. Rg2 Rc8 39. Rf1 Rch8 40. Kc2 Rh2 41. Rff2 Rxg2 42. Rxg2 Rh3 43. Kb3 Kxf5 44. c4 Ke6 45. dxe5 dxc4+ 46. Kxc4 Kxe5 47. Rd2 Rxg3 48. Rd1 Rxe3 49. Rd5+ Kf4 50. Rxd6 g3 51. Rf6+ Kg4 52. Rxb6 g2 53. Rg6+ Kh3 54. b6 Re1 55.
Rh6+ Kg3 56. Rg6+ Kh2 57. Rh6+ Kg1 58. b7 Rb1 59. Rh7 a4 60. Kc5 a3 61. Kc6 a2 62.
Rh5 a1=Q 63. Rb5 Qa6+ 0-1